 Dungeon Crawl Stone Soup version 0.31-a0-544-gceb718ecc6 (webtiles) character file.

Game seed: 5897073534581554930

32118 Maratek the Carver (level 13, -3/114 HPs)
             Began as a Grey Draconian Fighter on Aug 15, 2023.
             Was the Champion of Okawaru.
             Slain by a 13-headed hydra (12 damage)
             ... on level 3 of the Lair of Beasts.
             The game lasted 00:45:50 (18416 turns).

Maratek the Carver (Grey Draconian Fighter)        Turns: 18416, Time: 00:45:51

Health: -3/114     AC: 23    Str: 23    XL:     13   Next: 29%
Magic:  13/13      EV: 18    Int:  9    God:    Okawaru [******]
Gold:   793        SH:  5    Dex: 12    Spells: 12/12 levels left

rFire   . . .        E - +10 zealot's sword {holy, Zealotry, *Rage rN+ EV+3}
rCold   + + .        b - +0 buckler
rNeg    + . .        (body armour unavailable)
rPois   .            s - +1 hat {Int+3}
rElec   .            H - +1 cloak {rCorr}
rCorr   +            k - +0 pair of gloves
SInv    +            D - +1 pair of boots "Deizuel" {+Blink rC++ Int-2 SInv}
Will    +....        (no amulet)
Stlth   +++          q - +4 ring of protection
HPRegen 0.39/turn    G - ring of willpower
MPRegen 0.13/turn

%: random rage (20%)
@: about to teleport, on berserk cooldown, slowed, very slow
A: AC +13, amphibious, unfitting armour, cold-blooded
a: Renounce Religion, Evoke Blink, Heroism, Finesse, Duel


You were on level 3 of the Lair of Beasts.
You worshipped Okawaru.
Okawaru was exalted by your worship.
You visited 2 branches of the dungeon, and saw 17 of its levels.

You collected 882 gold pieces.
You spent 89 gold pieces at shops.

Inventory:

Hand Weapons
 A - the +9 battleaxe of Undoing {drain, rPois rF+ Str+4 Dex-2}
   (Okawaru gifted it to you on level 14 of the Dungeon)

   Str+4:     It affects your strength (+4).
   Dex-2:     It affects your dexterity (-2).
   rF+:       It protects you from fire.
   rPois:     It protects you from poison
 E - the +10 zealot's sword (weapon) {holy, Zealotry, *Rage rN+ EV+3}
   (You found it on level 9 of the Dungeon)

   Zealotry:  Whenever the wielder enters a berserk rage, their allies are
   berserked alongside them.
   EV+3:      It affects your evasion (+3).
   rN+:       It protects you from negative energy.
   *Rage:     It berserks you when you make melee attacks (+20% chance).
Armour
 b - a +0 buckler (worn)
 k - a +0 pair of gloves (worn)
 s - a +1 hat of intelligence (worn)
 D - the +1 pair of boots "Deizuel" (worn) {+Blink rC++ Int-2 SInv}
   (Okawaru gifted it to you on level 12 of the Dungeon)

   Int-2:     It affects your intelligence (-2).
   rC++:      It greatly protects you from cold.
   SInv:      It lets you see invisible.
   +Blink:    It lets you blink.
 H - a +1 cloak of preservation (worn)
Jewellery
 q - a +4 ring of protection (left hand)
 G - a ring of willpower (right hand)
Wands
 c - a wand of flame (31)
 e - a wand of quicksilver (7)
 m - a wand of polymorph (8)
 v - a wand of roots (19)
 C - a wand of mindburst (10)
Scrolls
 a - 4 scrolls of blinking
 d - 6 scrolls of vulnerability
 f - 8 scrolls of teleportation
 g - a scroll of poison
 t - a scroll of silence
 y - 4 scrolls of fog
Potions
 h - 3 potions of curing
 i - 3 potions of invisibility
 j - 4 potions of attraction
 l - 4 potions of ambrosia
 n - a potion of enlightenment {unknown}
 o - a potion of heal wounds
 p - a potion of resistance
 r - 2 potions of brilliance {unknown}
 u - 6 potions of haste
 w - 2 potions of degeneration {unknown}
 B - a potion of magic {unknown}


   Skills:
 + Level 10.4 Fighting
 - Level 9.1(12.8) Short Blades
 * Level 14.3(15.3) Long Blades
 - Level 2.4 Axes
 + Level 0.4 Throwing
 + Level 9.1 Dodging
 + Level 6.2 Stealth
 + Level 6.3 Shields
 + Level 0.3 Evocations


You had 12 spell levels left.
You didn't know any spells.
Your spell library contained the following spells:

 Spells                   Type           Power      Damage    Failure   Level
 Apportation              Tloc           0%         N/A       43%         1
 Necrotise                Necr           0%         1d4       43%         1
 Shock                    Conj/Air       0%         1d3       43%         1
 Blink                    Tloc           0%         N/A       58%         2
 Cigotuvi's Dreadful Rot  Necr/Pois/Air  0%         N/A       58%         2
 Static Discharge         Conj/Air       0%         2-2/arc   58%         2
 Dazzling Flash           Conj/Hex       0%         N/A       82%         3
 Ignite Poison            Fire/Tmut/Pois 0%         N/A       82%         3
 Swiftness                Air            0%         N/A       82%         3
 Volatile Blastmotes      Fire/Tloc      0%         2d10      82%         3
 Airstrike                Air            0%         2d(0-16)  99%         4
 Manifold Assault         Tloc           0%         N/A       99%         4
 Freezing Cloud           Conj/Ice/Air   0%         6-21      100%        5
 Lee's Rapid Deconstruct  Erth           0%         3d4*      100%        5
 Starburst                Conj/Fire      0%         6d3       100%        6
 Maxwell's Capacitive Co  Air            0%         ∞         100%        8
 Summon Small Mammal      Summ           Unusable   N/A       N/A         1
 Animate Armour           Summ/Erth      Unusable   N/A       N/A         4
 Summon Lightning Spire   Summ/Air       Unusable   N/A       N/A         4

Dungeon Overview and Level Annotations

Branches:
Dungeon (14/15)            Temple (0/1) D:6            Lair (3/5) D:10
    Orc (0/2) D:9
  Swamp: Lair:2-3    Shoals: Lair:2-3     Snake: Lair:2-3    Spider: Lair:2-3
 Vaults: D:13-14

Altars:
Dithmenos
Makhleb
Okawaru
Qazlal
Sif Muna

Shops:
D:2 ?   D:5 *   D:9 [*

Annotations:
D:8 Pikel


Innate Abilities, Weirdness & Mutations

Your dull iron-grey scales are very hard. (AC +13)
You are amphibious.
You cannot fit into any form of body armour.
You are cold-blooded and may be slowed by cold attacks.


Message History

The 13-headed hydra bites you but does no damage.
You block the 13-headed hydra's attack.
The 13-headed hydra completely misses you.
The 13-headed hydra bites you but does no damage.
The 13-headed hydra misses you. You block the 13-headed hydra's attack.
The 13-headed hydra bites you but does no damage.
You block the 13-headed hydra's attack. The 13-headed hydra bites you.
* * * LOW HITPOINT WARNING * * *
The 13-headed hydra barely misses you. The 13-headed hydra bites you.
* * * LOW HITPOINT WARNING * * *
The blink frog hits you but does no damage.
The blink frog closely misses you. The 13-headed hydra closely misses you.
The 13-headed hydra bites you.
* * * LOW HITPOINT WARNING * * *
The 13-headed hydra bites you but does no damage.
The 13-headed hydra bites you.
* * * LOW HITPOINT WARNING * * *
The 13-headed hydra barely misses you.
The 13-headed hydra bites you but does no damage. x2
The 13-headed hydra misses you.
The 13-headed hydra closely misses you. x2
You block the 13-headed hydra's attack. The 13-headed hydra closely misses you.
The 13-headed hydra barely misses you.
You feel much better.
The blink frog blinks! x2
The blink frog closely misses you.
The blink frog hits you but does no damage.
The blink frog blinks!
The 13-headed hydra bites you but does no damage.
The 13-headed hydra completely misses you.
You block the 13-headed hydra's attack.
The 13-headed hydra completely misses you.
The 13-headed hydra bites you but does no damage.
The 13-headed hydra bites you!
* * * LOW HITPOINT WARNING * * *
The 13-headed hydra bites you but does no damage.
The 13-headed hydra bites you!
* * * LOW HITPOINT WARNING * * *
The 13-headed hydra barely misses you.
The 13-headed hydra completely misses you.
The 13-headed hydra bites you!
You die...

.......~≈≈≈≈≈≈~...#
#......~≈≈≈≈~~≈~..#
#......≈≈≈~.~~≈~~.#
......~~≈≈~<~~≈~~.#
.(.....~≈≈...≈~~..#
....P#.~≈≈~~~~≈~~.?
.......††~≈~~~≈~...
..#...#.†~≈~~~.....
#.###§F@D~.~~.....
...:...F##......##
.......#F....!...
..)...............
.....§...........
......F.........
..............
....... ...##.


You could see a 13-headed hydra and 4 blink frogs.

Vanquished Creatures
  Jorgrun (D:13)
  Frances (D:14)
  An azure jelly (shapeshifter) (D:13)
  Fannar (Lair:1)
  2 hydras
  A two-headed ogre (D:13)
  A boulder beetle (D:12)
  2 deep elf pyromancers
  An ugly thing (D:13)
  3 cyclopes
  Maurice (D:13)
  Joseph (D:7)
  A black mamba (Lair:1)
  A gargoyle (D:12)
  An unseen horror (D:12)
  6 cane toads
  Maggie (Lair:2)
  7 komodo dragons
  3 meliai (D:14)
  5 trolls
  4 polar bears (Lair:1)
  2 hornets
  Grinder (D:6)
  4 blink frogs (Lair:1)
  2 shadows
  A vampire (D:11)
  2 wraiths
  6 slime creatures
  22 yaks
  3 wyverns
  2 basilisks (Lair:1)
  13 vampire mosquitoes
  An acid dragon (D:12)
  9 water moccasins
  7 black bears
  5 orc warriors
  A sky beast (D:6)
  3 ice beasts
  3 ogres
  6 centaurs
  4 wolves (Lair:1)
  A kobold brigand (D:10)
  14 bullfrogs
  Blork the orc (D:4)
  4 scorpions
  A hornet simulacrum (D:14)
  6 killer bees (D:11)
  5 electric eels
  9 howler monkeys
  3 lava snakes (Lair:2)
  A jelly (D:7)
  7 hounds
  A gnoll bouda (D:9)
  8 orc priests
  2 sleepcaps
  Crazy Yiuf (D:4)
  7 iguanas
  8 orc wizards
  11 gnolls
  10 adders
  An ufetubus (D:6)
  A worm (D:2)
  A dart slug (D:3)
  42 orcs
  9 ball pythons
  6 bats
  6 endoplasms (D:2)
  5 giant cockroaches
  10 hobgoblins
  4 jackals (D:1)
  3 quokkas
  3 frilled lizards
  6 goblins
  8 kobolds
  7 rats
354 creatures vanquished.

Notes
Turn   | Place    | Note
-------+----------+-------------------------------------------
     0 | D:1      | Maratek the Draconian Fighter began the quest for the Orb.
     0 | D:1      | Reached XP level 1. HP: 19/19 MP: 1/1
   100 | D:1      | Reached XP level 2. HP: 22/26 MP: 2/2
   720 | D:2      | Reached XP level 3. HP: 18/33 MP: 3/3
   995 | D:2      | Reached skill level 1 in Short Blades
  1003 | D:2      | Reached XP level 4. HP: 34/40 MP: 4/4
  1115 | D:2      | Found a faded altar of an unknown god.
  1305 | D:2      | Found a shadowy altar of Dithmenos.
  1315 | D:2      | Found Guonol's Magic Scroll Shop.
  1325 | D:2      | Bought a scroll of identify for 22 gold pieces
  1829 | D:3      | Reached XP level 5. HP: 44/46 MP: 5/5
  2269 | D:3      | Found a burning altar of Makhleb.
  3037 | D:4      | Noticed Blork the orc
  3048 | D:4      | Killed Blork the orc
  3049 | D:4      | Reached skill level 1 in Stealth
  3262 | D:4      | Reached XP level 6. HP: 52/52 MP: 6/6
  3497 | D:4      | Found a runed translucent door.
  3498 | D:4      | Noticed Crazy Yiuf
  3721 | D:4      | Killed Crazy Yiuf
  3866 | D:5      | Entered Level 5 of the Dungeon
  4147 | D:5      | Your scales start taking on a dull iron-grey colour.
  4147 | D:5      | Reached XP level 7. HP: 54/59 MP: 7/7
  4313 | D:5      | Found Owketeuf's General Store.
  4328 | D:5      | Reached skill level 5 in Short Blades
  4434 | D:5      | Found an iron altar of Okawaru.
  4445 | D:5      | Became a worshipper of Warmaster Okawaru
  4517 | D:5      | Noticed a hornet
  4529 | D:5      | Paralysed by a hornet for 2 turns
  4534 | D:5      | Killed a hornet
  5269 | D:6      | Noticed Grinder
  5292 | D:6      | Killed Grinder
  5292 | D:6      | Reached * piety under Okawaru
  5293 | D:6      | Reached XP level 8. HP: 57/67 MP: 8/8
  5351 | D:6      | Found a staircase to the Ecumenical Temple.
  5470 | D:6      | Reached ** piety under Okawaru
  5541 | D:6      | Reached skill level 5 in Fighting
  5737 | D:6      | Reached skill level 5 in Dodging
  6145 | D:7      | Reached XP level 9. HP: 73/74 MP: 9/9
  6333 | D:7      | Noticed Joseph
  6349 | D:7      | Killed Joseph
  6349 | D:7      | Reached *** piety under Okawaru
  6650 | D:7      | Reached skill level 5 in Stealth
  6701 | D:8      | Noticed Pikel
  6800 | D:9      | Found Ompal's Elemental Accessories.
  6880 | D:9      | Found the +10 zealot's sword {holy, Zealotry, *Rage rN+
                  | EV+3}
  6934 | D:9      | Found a staircase to the Orcish Mines.
  6934 | D:9      | Found Fylux's Armour Emporium.
  7028 | D:9      | Reached skill level 1 in Long Blades
  7046 | D:9      | Reached skill level 2 in Long Blades
  7143 | D:9      | Bought a +0 pair of gloves for 67 gold pieces
  7267 | D:9      | Reached skill level 3 in Long Blades
  7583 | D:9      | Reached **** piety under Okawaru
  7584 | D:9      | Reached skill level 4 in Long Blades
  7748 | D:9      | Reached XP level 10. HP: 83/83 MP: 10/10
  8022 | D:10     | Entered Level 10 of the Dungeon
  8032 | D:10     | Found a staircase to the Lair.
  8052 | D:10     | Reached skill level 5 in Long Blades
  8151 | D:10     | Identified the +7 scale mail of the Furrier {Regen+ Dex+4}
  8212 | D:10     | Reached skill level 6 in Long Blades
  8487 | D:10     | Reached ***** piety under Okawaru
  8504 | D:10     | Reached skill level 7 in Long Blades
  9021 | D:10     | Noticed a deep elf pyromancer
  9024 | D:10     | Killed a deep elf pyromancer
  9242 | D:10     | Reached skill level 8 in Long Blades
  9475 | D:11     | Noticed a cyclops
  9480 | D:11     | Killed a cyclops
  9549 | D:11     | Reached skill level 5 in Shields
  9550 | D:11     | Reached XP level 11. HP: 92/92 MP: 11/11
 10112 | D:11     | Found a stormy altar of Qazlal.
 10244 | D:11     | Reached skill level 9 in Long Blades
 10493 | D:11     | Reached skill level 10 in Long Blades
 11032 | D:12     | Reached ****** piety under Okawaru
 11043 | D:12     | Received a gift from Okawaru
 11708 | D:12     | Reached skill level 11 in Long Blades
 11719 | D:12     | Noticed a boulder beetle
 11735 | D:12     | Killed a boulder beetle
 11772 | D:12     | Noticed a two-headed ogre
 11785 | D:12     | You fall into a shaft and drop 1 floor!
 11874 | D:13     | Noticed a brown ugly thing
 11890 | D:13     | Killed a brown ugly thing
 12356 | D:12     | Identified the +1 pair of boots "Deizuel" {+Blink rC++
                  | Int-2 SInv} (Okawaru gifted it to you on level 12 of the
                  | Dungeon)
 12356 | D:12     | Received a gift from Okawaru
 12471 | D:12     | Noticed a boulder beetle
 12869 | D:13     | Noticed Jorgrun
 12870 | D:13     | Noticed a deep elf pyromancer
 12890 | D:13     | HP: 3/94 [fire elemental[a deep elf pyromancer] (3)]
 12890 | D:13     | HP: 1/94 [fire elemental[a deep elf pyromancer] (2)]
 12932 | D:13     | Noticed a deep elf annihilator
 12938 | D:13     | Noticed a wizard
 12940 | D:13     | Noticed an ogre mage
 12942 | D:13     | Noticed an orc sorcerer
 13098 | D:13     | Noticed a necromancer
 13099 | D:13     | Found a shimmering blue altar of Sif Muna.
 13099 | D:13     | Noticed a deep elf pyromancer
 13179 | D:13     | Noticed a four-headed hydra
 13188 | D:13     | Killed an 11-headed hydra
 13189 | D:13     | Reached skill level 12 in Long Blades
 13189 | D:13     | Reached XP level 12. HP: 101/101 MP: 12/12
 13256 | D:13     | Noticed a two-headed ogre
 13264 | D:13     | Killed a two-headed ogre
 13549 | D:13     | Killed Jorgrun
 13678 | D:13     | Noticed Maurice
 13683 | D:13     | Noticed an azure jelly
 13688 | D:13     | Killed Maurice
 13696 | D:13     | Killed an azure jelly
 14198 | D:14     | Noticed Frances
 14217 | D:14     | Killed Frances
 14315 | D:14     | Reached skill level 13 in Long Blades
 14330 | D:14     | Identified the +9 battleaxe of Undoing {drain, rPois rF+
                  | Str+4 Dex-2} (Okawaru gifted it to you on level 14 of the
                  | Dungeon)
 14330 | D:14     | Received a gift from Okawaru
 14882 | Lair:1   | Entered Level 1 of the Lair of Beasts
 15954 | Lair:1   | Received a gift from Okawaru
 16279 | Lair:1   | Noticed Fannar
 16296 | Lair:1   | Killed Fannar
 16297 | Lair:1   | Reached XP level 13. HP: 113/113 MP: 13/13
 16576 | Lair:1   | Reached skill level 14 in Long Blades
 17051 | Lair:2   | Noticed Maggie
 17058 | Lair:2   | Reached skill level 10 in Fighting
 17063 | Lair:2   | Killed Maggie
 17919 | Lair:2   | Identified the +2 leather armour "Zieticl Onul" {rF+ Str+3
                  | Dex-3 Stlth+}
 18415 | Lair:3   | HP: 5/114 [13-headed hydra (6)]
 18416 | Lair:3   | Slain by a 13-headed hydra

Illustrated notes

Levels and vault maps discovered:
D:1:      mrwooster_arrival_statue_3, layout_loops_ring
D:2:      layout_loops_ring, basic_altar, serial_shops, shop,
          hellmonk_ecumenical_altar_blasted, grunt_ministairs_8,
          kennysheep_generic_room_14
D:3:      layout_basic, mainiacjoe_overflow_small_starburst
D:4:      layout_loops_corners, saegor_snake_ambush, uniq_crazy_yiuf_cottage,
          uniq_blork_the_orc
D:5:      wander_river, layout_basic, marbit_many_paths, serial_shops,
          nicolae_shop_just_a_little_nook, enter_ossuary_2
D:6:      layout_basic, minmay_temple_entry_wispy, nicolae_water_bricks,
          uniq_grinder
D:7:      layout_rooms, uniq_joseph
D:8:      layout_layer_cave, serial_ice, serial_ice_h, serial_ice_f,
          serial_ice_n, serial_ice_c, uniq_pikel, uniq_prince_ribbit1
D:9:      layout_stronghold, orc_david_3, corexii_corridor_pit,
          nicolae_elemental_shop
D:10:     layout_basic, due_lair_maze_entry_diamond, grunt_decor_one_mirror
D:11:     layout_basic, nicolae_qazlal_style_of_elements
D:12:     layout_long_grid, onia_ninara_dug_in_and_dangerous
D:13:     gammafunk_sealed_library, layout_loops_ring, evilmike_butchery,
          uniq_maurice, uniq_jorgrun
D:14:     layout_stronghold, lightli_vaults_fourway_checkpoint,
          nicolae_cairo_tiling_large_dashed, uniq_frances
Lair:1:   beast_lair_carwin_large_1, layout_chaotic_city, lemuel_old_faithful,
          grunt_megastairs_2, uniq_fannar
Lair:2:   layout_roguey, nicolae_lair_liquid_snakes, uniq_maggie
Lair:3:   layout_hall_layers, elwin_shoals_entry_rooms,
          nicolae_spider_entry_tight_spaces, grunt_megastairs_3,
          infiniplex_staircase_pool_2

Skill      XL: |  1  2  3  4  5  6  7  8  9 10 11 12 13 |
---------------+----------------------------------------+-----
Dodging        | 3 4 5 6 7 8 9 |  9.1
Short Blades   | 1 2 3 4 6 8 9 |  9.1
Fighting       | 4 5 7 8 9 10 | 10.4
Stealth        | 1 3 4 5 6 |  6.2
Shields        | 4 5 6 |  6.3
Long Blades    | 4 8 12 13 14 | 14.3
Axes           | |  2.4
Throwing       | |  0.4
Evocations     | |  0.3

Action                     |  1- 3 |  4- 6 |  7- 9 | 10-12 | 13-15 || total
---------------------------+-------+-------+-------+-------+-------++-------
  Melee: War axe           |    51 |       |       |       |       ||    51
         Tailslap          |     8 |    27 |    37 |    70 |    15 ||   157
         Short sword       |    58 |   207 |   242 |       |       ||   507
         Eudemon blade     |       |       |    64 |   554 |   121 ||   739
  Throw: Javelin           |     7 |       |       |       |       ||     7
Ability: Evoke Blink       |       |       |       |     1 |       ||     1
    Use: Scroll            |       |     6 |     9 |     6 |     2 ||    23
         Potion            |       |     3 |     1 |     7 |     2 ||    13
   Stab: Sleeping          |       |     2 |    11 |     6 |     1 ||    20
 Armour: Skin              |    39 |    52 |    94 |   211 |    61 ||   457
  Dodge: Dodged            |    85 |    87 |   152 |   328 |   109 ||   761
  Block: Buckler           |    18 |    37 |    48 |   116 |    26 ||   245

Table legend: (Time is in decaauts)
 A = Elapsed time spent in this place.
 B = Non-inter-level travel time spent in this place.
 C = Inter-level travel time spent in this place.
 D = Time resting spent in this place.
 E = Time spent auto-exploring this place.
 F = Levels seen in this place.
 G = Mean time per level.
                   A        B        C        D        E       F      G
               +--------+--------+--------+--------+--------+-----+--------+
         Total |  18629 |  18191 |    438 |   6774 |   7582 |  17 | 1095.8 |
       Dungeon |  15067 |  14663 |    404 |   4738 |   6471 |  14 | 1076.2 |
          Lair |   3562 |   3528 |     34 |   2036 |   1111 |   3 | 1187.3 |
               +--------+--------+--------+--------+--------+-----+--------+

Top non-repeatable levels by time:
  Lair:1: 2172 daAuts
    D:11: 1980 daAuts
    D:13: 1603 daAuts
    D:10: 1560 daAuts
    D:12: 1482 daAuts
     D:4: 1442 daAuts
  Lair:2: 1356 daAuts
     D:5: 1337 daAuts
     D:9: 1266 daAuts
     D:2: 911 daAuts
     D:6: 873 daAuts
     D:3: 812 daAuts
     D:1: 734 daAuts
     D:7: 565 daAuts
    D:14: 434 daAuts
